Map: Void Thrashing

Players

monk

  • Race: Protoss Protoss
  • Spawn Location: 9:00

sTkmonk

  • Race: Terran Terran
  • Spawn Location: 6:00

VOD

Have the link to the VOD?

Description

Time

  • Played on: June 8, 2017, 1:21 p.m.
  • Length: 13:15
Show
View Real Time Build Order
Export as new Build Order

monk Protoss 

Build Orders:  

Get SALT Encoding   

  12  0:02  Probe (Chrono Boost)  
  12  0:06  Dark Pylon  
  13  0:16  Probe (Chrono Boost)  
  14  0:24  Assimilator  
  14  0:30  Probe (Chrono Boost)  
  15  0:44  Assimilator, Probe (Chrono Boost)  
  16  0:58  Probe (Chrono Boost)  
  17  1:07  Gateway  
  17  1:11  Probe (Chrono Boost)  
  18  1:25  Probe (Chrono Boost)  
  19  1:36  Forge  
  19  1:39  Probe (Chrono Boost)  
  20  1:53  Probe (Chrono Boost)  
  21  2:07  Probe (Chrono Boost)  
  22  2:12  Cybernetics Core  
  22  2:21  Protoss Ground Weapons Level 1, Probe (Chrono Boost)  
  23  2:38  Dark Pylon  
  23  2:41  Probe (Chrono Boost)  
  24  2:55  Probe (Chrono Boost)  
  25  3:06  Death Council  
  25  3:09  Probe (Chrono Boost)  
  26  3:23  Probe (Chrono Boost)  
  26  3:27  Nexus  
  27  3:35  Assimilator  
  27  3:42  Assimilator  
  27  3:51  Probe (Chrono Boost)  
  27  3:59  Warp Gate  
  28  4:00  Dark Pylon  
  28  4:05  Probe (Chrono Boost)  
  29  4:11  Dark Shrine  
  29  4:19  Probe (Chrono Boost)  
  29  4:28  Gateway  
  30  4:30  Gateway  
  30  4:33  Probe (Chrono Boost)  
  31  4:41  Gateway  
  31  4:47  Probe (Chrono Boost)  
  32  4:54  Shadow Fury (Chrono Boost)  
  32  5:02  Dark Templar  
  34  5:10  Probe (Chrono Boost)  
  34  5:16  Probe  
  34  5:18  Protoss Ground Weapons Level 2 (Chrono Boost)  
  36  5:47  Gateway  
  36  5:50  Dark Templar  
  36  5:51  Gateway  
  38  6:08  Dark Templar  
  38  6:09  Dark Templar x2  
  44  6:21  Pylon  
  44  6:37  Dark Templar  
  44  6:39  Dark Templar Blink  
  46  6:43  Pylon  
  46  6:51  Gateway  
  46  6:53  Gateway  
  46  7:05  Dark Templar x2  
  50  7:12  Dark Templar  
  50  7:17  Dark Templar  
  54  7:24  Dark Templar  
  56  7:42  Probe  
  56  7:48  Dark Templar  
  59  7:57  Protoss Ground Weapons Level 3 (Chrono Boost)  
  59  7:59  Probe  
  60  8:03  Dark Templar  
  60  8:04  Dark Templar  
  60  8:07  Dark Templar x2  
  68  8:14  Pylon x2  
  68  8:25  Dark Templar  
  70  8:42  Dark Templar  
  70  8:52  Dark Templar  
  70  8:53  Dark Templar x2  
  70  8:58  Dark Templar  
  78  9:05  Dark Templar x2  
  82  9:23  Dark Templar  
  84  9:30  Pylon  
  84  9:32  Pylon  
  84  9:33  Pylon  
  84  9:38  Dark Templar  
  84  10:01  Dark Templar  
  84  10:02  Dark Templar x3  
  92  10:11  Dark Templar  
  94  10:27  Dark Templar x3  
  94  10:31  Dark Pylon  
  92  10:45  Dark Templar  
  94  10:51  Dark Templar x3  
  100  11:00  Pylon  
  100  11:09  Dark Templar  
  102  11:13  Dark Templar  
  104  11:26  Dark Templar  
  106  11:34  Dark Templar  
  94  12:10  Dark Templar  
  94  12:11  Dark Templar x3  
  98  12:21  Dark Templar  
  88  12:32  Dark Templar  
Show
View Real Time Build Order
Export as new Build Order

sTkmonk Terran 

Build Orders:  

Get SALT Encoding   

  12  3:02  Command Center  
Tags
 
Add a new tag
Caveats
  • Supply blocks, unpowered buildings, or Contaminate may cause inaccurate times.
  • Supply counts are checked every 10 seconds.